 Dungeon Crawl Stone Soup version 0.27-a0-366-g8badd94918 (webtiles) character file.

Game seed: 13587676875089398460

38522 littlecub the Covert (level 13, -3/64 HPs)
             Began as a Spriggan Enchanter on Feb 16, 2021.
             Was a High Priest of Dithmenos.
             Slain by a catoblepas (12 damage)
             ... while petrified by a catoblepas
             ... on level 5 of the Lair of Beasts.
             The game lasted 01:08:51 (23869 turns).

littlecub the Covert (Spriggan Enchanter)          Turns: 23869, Time: 01:08:52

Health: -3/64      AC:  5    Str:  8    XL:     13   Next: 64%
Magic:  15/26      EV:  4    Int: 26    God:    Dithmenos [*****.]
Gold:   335        SH:  0    Dex: 17    Spells: 9/29 levels left

rFire    . . .     SeeInvis +   p - +2 dagger (freeze)
rCold    . . .     Faith    .   K - +0 buckler
rNeg     + + +     Spirit   .   P - +2 robe "Hiuthremu" {rElec Int+4}
rPois    ∞         Reflect  +   N - +0 hat
rElec    +         Harm     .   J - +0 cloak
rCorr    .         Rampage  .   (gloves unavailable)
Will     ++...                  (boots unavailable)
Stlth    +++++++++.             w - amulet of reflection
HPRegen  0.20/turn              k - ring of poison resistance
MPRegen  0.20/turn              O - +6 ring of intelligence

@: petrified, wreathed by umbra, studying Throwing, very quick
A: very small, unfitting armour, see invisible, speed 3
a: Renounce Religion, Shadow Step, Shadow Form


You were on level 5 of the Lair of Beasts.
You worshipped Dithmenos.
Dithmenos was extremely pleased with you.
You visited 3 branches of the dungeon, and saw 19 of its levels.
You also visited: Ossuary.

You collected 1258 gold pieces.
You spent 923 gold pieces at shops.

Inventory:

Hand Weapons
 p - a +2 dagger of freezing (weapon)
 z - a +2 dagger of holy wrath
Missiles
 q - 15 curare-tipped darts
Armour
 J - a +0 cloak (worn)
 K - a +0 buckler (worn)
 N - a +0 hat (worn)
 P - the +2 robe "Hiuthremu" (worn) {rElec Int+4}
   (You found it on level 1 of the Lair of Beasts)

   It affects your intelligence (+4).
   It insulates you from electricity.
Magical Staves
 v - a staff of cold
Jewellery
 b - a +4 ring of evasion
 k - a ring of poison resistance (left hand)
 s - a ring of flight
 w - an amulet of reflection (around neck)
 B - a ring of wizardry
 L - a +6 ring of strength
 O - a +6 ring of intelligence (right hand)
 Q - a +6 ring of strength
 T - an amulet of faith {unknown}
Wands
 t - a wand of flame (41)
 D - a wand of acid (6)
 I - a wand of digging (7)
 M - a wand of charming (6)
 R - a wand of iceblast (19)
Scrolls
 a - 2 scrolls of enchant armour
 c - 4 scrolls of teleportation
 d - 5 scrolls of enchant weapon
 j - 2 scrolls of fear
 o - 6 scrolls of amnesia
 r - a scroll of magic mapping
 u - 3 scrolls of immolation
 x - 2 scrolls of vulnerability
 y - 3 scrolls of fog
 E - a scroll of summoning
 S - a scroll of noise {unknown}
Potions
 e - 3 potions of might
 f - 4 potions of ambrosia
 g - 9 potions of curing
 h - 13 potions of lignification
 i - a potion of berserk rage {unknown}
 l - 4 potions of resistance
 m - 5 potions of haste
 n - 3 potions of attraction {unknown}
 A - a potion of degeneration {unknown}
 C - 3 potions of flight {unknown}
 F - 5 potions of heal wounds {unknown}
 G - a potion of brilliance
 H - a potion of mutation {unknown}


   Skills:
 + Level 5.5 Fighting
 * Level 10.4 Short Blades
 + Level 9.2 Dodging
 * Level 14.6 Stealth
 * Level 4.4 Shields
 + Level 8.5 Spellcasting
 * Level 14.2 Hexes
 + Level 5.5 Ice Magic
 + Level 5.9 Invocations


You had 9 spell levels left.
You knew the following spells:

 Your Spells              Type           Power        Failure   Level
a - Corona                Hex            78%          1%          1
b - Ensorcelled Hibernat  Hex/Ice        100%         1%          2
c - Confusing Touch       Hex            71%          1%          3
d - Tukima's Dance        Hex            71%          1%          3
e - Alistair's Intoxicat  Tmut/Pois      7%           87%         5
z - Invisibility          Hex            71%          2%          6

Your spell library contained the following spells:

 Spells                   Type           Power        Failure   Level
 Dazzling Flash           Conj/Hex       96%          1%          3
 Inner Flame              Hex/Fire       48%          1%          3
 Fulminant Prism          Conj/Hex       24%          3%          4
 Apportation              Tloc           22%          6%          1
 Foxfire                  Conj/Fire      44%          6%          1
 Magic Dart               Conj           44%          6%          1
 Searing Ray              Conj           22%          10%         2
 Conjure Flame            Conj/Fire      11%          19%         3
 Lesser Beckoning         Tloc           5%           19%         3
 Iskenderun's Mystic Bla  Conj/Tloc      11%          54%         4
 Sticky Flame             Conj/Fire      11%          54%         4
 Fireball                 Conj/Fire      5%           87%         5


Dungeon Overview and Level Annotations

Branches:
Dungeon (13/15)            Temple (0/1) D:7            Lair (5/6) D:10
  Swamp (0/4) Lair:2        Snake (0/4) Lair:2        Slime (0/5) Lair:5
    Orc (1/2) D:12        Ossuary (visited)
 Vaults: D:13-14

Altars:
Dithmenos
Elyvilon
Fedhas
Ru
Beogh
Jiyva

Shops:
D:5 (   D:7 **   D:12 [(

Annotations:
D:12 exclusions: oklob plant and oklob sapling
D:13 3 runed translucent doors, Ippog's ghost, journeyman SpEn


Innate Abilities, Weirdness & Mutations

You are very small and have problems with some larger weapons.
You are too small for most types of armour.
You have supernaturally acute eyesight. (SInv)
You cover ground extremely quickly.


Message History

Aim: a catoblepas (umbra, chance to affect: 11%)
The catoblepas resists with almost no effort.
The catoblepas breathes a plume of calcifying dust at you.
The blast of calcifying dust hits you! The catoblepas closely misses you.
Aiming: Ensorcelled Hibernation (safe; 1% risk of failure)
Press: ? - help, Q - select action, (/) - cycle Shift-Dir - straight line, f/p - catoblepas
Aim: a catoblepas (umbra, chance to affect: 11%)
The catoblepas resists with almost no effort.
You block the catoblepas's attack.
Aiming: Ensorcelled Hibernation (safe; 1% risk of failure)
Press: ? - help, Q - select action, (/) - cycle Shift-Dir - straight line, f/p - catoblepas
Aim: a catoblepas (umbra, chance to affect: 11%)
The catoblepas resists with almost no effort.
The catoblepas gores you!!
Ouch! That really hurt!
* * * LOW HITPOINT WARNING * * *
You emit a cloud of dark smoke.
The catoblepas breathes a plume of calcifying dust at you.
The blast of calcifying dust hits you!
* * * LOW HITPOINT WARNING * * *
Found a war axe.
Okay, then.
Unknown command.
You feel better.
You are engulfed in calcifying dust.
You are slowing down.
Press: ? - help, v - describe, . - travel The floor.
This square is wreathed by an umbra.
There is a cloud of calcifying dust here.
Unknown command.
The catoblepas breathes a plume of calcifying dust at you.
The blast of calcifying dust hits you.
* * * LOW HITPOINT WARNING * * *
Your limbs are stiffening.
You have turned to stone.
The catoblepas gores you!
* * * LOW HITPOINT WARNING * * *
The catoblepas gores you!!
You die...

..###... .#....#
#.....## .
##......# .
..#....... ..###
.........# $....
..P......##....#
.. #.P@.P...##
...##.##Y.....#
......§......##
)....§§§......#
.....§§§§§...##
......§§§§§..#
..........§..#
.....###.....#
....# #.##...#


You could see a catoblepas.

Vanquished Creatures
  The ghost of Acheu the Fighter, a journeyman GrFi of Gozag (Lair:1)
  2 boulder beetles
  5 hydras
  3 centaur warriors
  2 two-headed ogres
  Nergalle (D:10)
  Sonja (Lair:5)
  2 unseen horrors (D:13)
  2 ugly things
  2 oklob plants
  3 cyclopes
  Maurice (D:13)
  A black mamba (Lair:4)
  A torpor snail (Lair:4)
  Joseph (D:7)
  2 gargoyles
  4 cane toads
  2 rime drakes
  4 centaur skeletons
  Maggie (D:6)
  6 komodo dragons
  3 trolls
  A polar bear (Lair:4)
  2 hornets
  2 slime creatures (D:13)
  4 blink frogs (Lair:1)
  Prince Ribbit (D:7)
  5 dream sheep (Lair:4)
  Sigmund (D:4)
  19 yaks
  Eustachio (D:4)
  4 wyverns
  3 basilisks
  2 steam dragons
  6 vampire mosquitoes
  2 swamp worms (Lair:2)
  Edmund (D:4)
  13 water moccasins
  2 floating eyes (D:11)
  An eye of draining (D:11)
  8 orc warriors
  An ice beast (D:9)
  3 necrophages
  2 black bears
  4 sky beasts
  8 wolves
  5 ogres
  11 centaurs
  A phantom (D:6)
  2 kobold brigands
  Blork the orc (D:4)
  18 bullfrogs
  A wyvern skeleton (D:6)
  4 scorpions
  8 killer bees
  15 wights
  4 howler monkeys
  2 bullfrog zombies
  A bullfrog skeleton (D:7)
  3 centaur zombies
  9 hounds
  A human zombie (Ossuary)
  A jelly (D:5)
  A gnoll shaman (D:9)
  5 orc priests
  6 iguanas
  14 worker ants
  Natasha (thrice) (D:1)
  13 orc wizards
  A mummy (Ossuary)
  3 gnolls (D:9)
  11 adders
  2 shadow imps
  3 white imps
  2 ufetubi
  An ooze (D:5)
  An adder skeleton (D:6)
  A worm (D:2)
  5 leopard geckos
  45 orcs
  5 ball pythons (D:12)
  7 giant cockroaches
  5 hobgoblins
  6 jackals
  5 quokkas
  5 bats
  5 frilled lizards
  5 goblins
  17 kobolds
  A leopard gecko zombie (D:5)
  7 rats
418 creatures vanquished.

Vanquished Creatures (collateral kills)
  A bullfrog (D:10)
  An orc (D:10)
2 creatures vanquished.

Vanquished Creatures (others)
  8 fungi
  32 plants
40 creatures vanquished.

Grand Total: 460 creatures vanquished

Notes
Turn   | Place    | Note
-------+----------+-------------------------------------------
     0 | D:1      | littlecub the Spriggan Enchanter began the quest for the
                  | Orb.
     0 | D:1      | Reached XP level 1. HP: 9/9 MP: 5/5
     2 | D:1      | Noticed a dwarf
     2 | D:1      | Noticed a ghoul
     6 | D:1      | Noticed a draconian
     6 | D:1      | Noticed a centaur
     8 | D:1      | Noticed a naga
     8 | D:1      | Noticed an octopode
    10 | D:1      | Noticed a felid
    10 | D:1      | Noticed an ogre
    12 | D:1      | Noticed a vampire
    12 | D:1      | Noticed a gargoyle
    14 | D:1      | Noticed a demonspawn
    14 | D:1      | Noticed a spriggan
    16 | D:1      | Noticed a minotaur
    16 | D:1      | Noticed a troll
    18 | D:1      | Noticed a vine stalker
    18 | D:1      | Noticed a halfling
    20 | D:1      | Noticed a tengu
    20 | D:1      | Noticed a merfolk
    22 | D:1      | Noticed a demigod
    24 | D:1      | Noticed a formicid
    26 | D:1      | Noticed an elf
    26 | D:1      | Noticed a human
   808 | D:1      | Reached XP level 2. HP: 11/13 MP: 4/6
   811 | D:1      | Learned a level 2 spell: Ensorcelled Hibernation
  1391 | D:2      | Noticed Natasha
  1903 | D:1      | Noticed a crimson imp
  2015 | D:1      | Noticed a crimson imp
  2028 | D:2      | Noticed a crimson imp
  2303 | D:1      | Killed Natasha
  2304 | D:1      | Reached skill level 5 in Stealth
  2304 | D:1      | Reached XP level 3. HP: 16/17 MP: 4/8
  2308 | D:1      | Learned a level 3 spell: Confusing Touch
  2473 | D:1      | Noticed Natasha
  2493 | D:1      | Killed Natasha
  2494 | D:1      | Reached XP level 4. HP: 21/21 MP: 4/9
  2713 | D:1      | Noticed Natasha
  2725 | D:1      | Killed Natasha
  3263 | D:2      | Found a shadowy altar of Dithmenos.
  3280 | D:2      | Became a worshipper of Dithmenos the Shadowed
  3694 | D:4      | Noticed Sigmund
  3740 | D:4      | Reached XP level 5. HP: 22/25 MP: 7/10
  3746 | D:4      | Reached skill level 1 in Fighting
  3752 | D:4      | Noticed an ogre
  3757 | D:4      | Killed an ogre
  3758 | D:4      | Reached skill level 1 in Ice Magic
  3813 | D:4      | Found a sand-covered staircase.
  3864 | Ossuary  | Entered an ossuary
  4029 | Ossuary  | Reached XP level 6. HP: 7/30 MP: 7/12
  4268 | Ossuary  | Reached skill level 5 in Hexes
  5007 | D:4      | Noticed Blork the orc
  5012 | D:4      | Killed Blork the orc
  5021 | D:4      | Noticed Edmund
  5131 | D:4      | Killed Edmund
  5132 | D:4      | Reached XP level 7. HP: 18/33 MP: 0/13
  5335 | D:4      | Killed Sigmund
  5558 | D:4      | Noticed Eustachio
  5565 | D:4      | Killed Eustachio
  5749 | D:4      | Reached * piety under Dithmenos
  6100 | D:5      | Entered Level 5 of the Dungeon
  6101 | D:5      | Found Ongadis's Antique Weapon Boutique.
  6283 | D:5      | Reached XP level 8. HP: 39/39 MP: 12/15
  6529 | D:5      | Reached skill level 1 in Invocations
  7188 | D:5      | Reached skill level 5 in Short Blades
  7188 | D:5      | Reached skill level 5 in Dodging
  7777 | D:6      | Reached skill level 5 in Spellcasting
  8123 | D:6      | Found a shadowy altar of Dithmenos.
  8124 | D:6      | Noticed an oklob plant
  8215 | D:6      | Noticed Maggie
  8223 | D:6      | Killed Maggie
  8224 | D:6      | Reached XP level 9. HP: 43/43 MP: 12/17
  8312 | D:6      | Found a sacrificial altar of Ru.
  8467 | D:6      | Reached ** piety under Dithmenos
  8812 | D:6      | Found a blossoming altar of Fedhas.
  8817 | D:6      | Learned a level 3 spell: Tukima's Dance
  9052 | D:6      | Killed an oklob plant
  9074 | D:7      | Found Juggar's General Store.
  9081 | D:7      | Bought 21 arrows for 67 gold pieces
  9081 | D:7      | Bought a potion of ambrosia for 128 gold pieces
  9459 | D:7      | Found a roughly hewn altar of Beogh.
  9496 | D:7      | Noticed Prince Ribbit
  9503 | D:7      | Reached skill level 10 in Stealth
  9621 | D:7      | Killed Prince Ribbit
  9693 | D:7      | Found a staircase to the Ecumenical Temple.
  9771 | D:7      | Found Jolopypt's General Store.
  9789 | D:7      | Bought a scroll of identify for 28 gold pieces
 10105 | D:7      | Found a transporter.
 10106 | D:7      | Found a transporter.
 10126 | D:7      | Noticed Joseph
 10129 | D:7      | Killed Joseph
 10130 | D:7      | Reached XP level 10. HP: 49/49 MP: 19/19
 10439 | D:8      | Noticed a red ugly thing
 10446 | D:8      | Killed a red ugly thing
 10557 | D:8      | Reached *** piety under Dithmenos
 12365 | D:9      | Noticed a two-headed ogre
 12372 | D:9      | Killed a two-headed ogre
 12407 | D:10     | Entered Level 10 of the Dungeon
 12717 | D:10     | Noticed an oklob plant
 12719 | D:10     | Found a staircase to the Lair.
 12724 | D:10     | Killed an oklob plant
 13006 | D:10     | Noticed Nergalle
 13009 | D:10     | Noticed a gargoyle
 13014 | D:10     | Noticed a spectral orc warlord
 13314 | D:10     | Killed a gargoyle
 13386 | D:10     | Killed Nergalle
 13387 | D:10     | Reached XP level 11. HP: 53/53 MP: 6/22
 14129 | D:11     | Reached **** piety under Dithmenos
 14343 | D:11     | Noticed a green ugly thing
 14353 | D:11     | Killed a green ugly thing
 14354 | D:11     | Reached skill level 10 in Hexes
 14530 | D:11     | Noticed a boulder beetle
 14541 | D:11     | Killed a boulder beetle
 14840 | D:11     | Paralysed by a floating eye for 4 turns
 15246 | D:12     | Found Vavvuh's Weapon Shop.
 15247 | D:12     | Found a staircase to the Orcish Mines.
 15249 | D:12     | Found Liem's Armour Shop.
 15839 | D:12     | Noticed a two-headed ogre
 15842 | D:12     | Killed a two-headed ogre
 15983 | D:12     | Noticed a centaur warrior
 15991 | D:12     | Killed a centaur warrior
 16062 | D:12     | Reached ***** piety under Dithmenos
 16283 | D:12     | Reached skill level 5 in Invocations
 16418 | D:12     | Noticed an oklob plant
 16462 | D:13     | Found a runed translucent gate.
 16462 | D:13     | Found a runed translucent gate.
 16462 | D:13     | Found a runed translucent gate.
 16462 | D:13     | Noticed Ippog's ghost (journeyman SpEn)
 16505 | D:13     | Reached XP level 12. HP: 41/59 MP: 13/24
 16611 | D:13     | Found a viscous altar of Jiyva.
 16846 | D:13     | Reached skill level 5 in Fighting
 16928 | D:13     | Noticed a centaur warrior
 16932 | D:13     | Killed a centaur warrior
 16933 | D:13     | Reached skill level 5 in Ice Magic
 17146 | Orc:1    | Entered Level 1 of the Orcish Mines
 17241 | D:13     | Noticed Maurice
 17249 | D:13     | Killed Maurice
 17397 | D:13     | Noticed a centaur warrior
 18297 | D:13     | Killed a centaur warrior
 18298 | D:13     | Reached skill level 10 in Short Blades
 19168 | D:7      | Bought a book of Party Tricks for 700 gold pieces
 19175 | D:7      | Learned a level 6 spell: Invisibility
 19271 | Lair:1   | Entered Level 1 of the Lair of Beasts
 19362 | Lair:1   | Reached skill level 1 in Shields
 19423 | Lair:1   | Noticed a seven-headed hydra
 19430 | Lair:1   | Killed a seven-headed hydra
 19908 | Lair:1   | Got a thick robe
 19919 | Lair:1   | Identified the +2 robe "Hiuthremu" {rElec Int+4} (You found
                  | it on level 1 of the Lair of Beasts)
 20209 | Lair:2   | Noticed a boulder beetle
 20398 | Lair:2   | Killed a boulder beetle
 20425 | Lair:2   | Reached XP level 13. HP: 63/63 MP: 23/26
 20711 | Lair:2   | Found a staircase to the Swamp.
 20850 | Lair:2   | Found a staircase to the Snake Pit.
 20954 | Lair:2   | Found a runed translucent gate.
 20954 | Lair:2   | Found a runed translucent gate.
 20954 | Lair:2   | Found a runed translucent gate.
 20955 | Lair:2   | Noticed Acheu's ghost (journeyman GrFi)
 21304 | Lair:1   | Killed Acheu's ghost
 21406 | Lair:2   | Got a transparent broad axe
 21969 | Lair:3   | Learned a level 5 spell: Alistair's Intoxication
 23344 | Lair:4   | Found a white marble altar of Elyvilon.
 23733 | Lair:5   | Noticed Sonja
 23737 | Lair:5   | Killed Sonja
 23788 | Lair:5   | Found a staircase to the Slime Pits.
 23869 | Lair:5   | Slain by a catoblepas

Illustrated notes

Levels and vault maps discovered:
D:1:      kb_arrival_jail, layout_basic, minmay_hexomino_f4
D:2:      layout_basic, minmay_misc_feat_encased, corexii_leaking_fountain,
          nicolae_dithmenos_through_a_glass_darkly, uniq_natasha
D:3:      layout_loops_ring, serial_park_tiny_1, kennysheep_doodads,
          uniq_terence, uniq_grinder
D:4:      layout_basic, nicolae_ossuary_entry_ruins, serial_forest,
          infiniplex_forest_straight_4, infiniplex_forest_clump_small,
          infiniplex_forest_straight_3, infiniplex_forest_straight_4,
          due_unseen_surprise, uniq_sigmund, uniq_eustachio, uniq_edmund,
          uniq_blork_the_orc
D:5:      layout_loops_ring, serial_shops, nicolae_shop_trees, minmay_pentangle
D:6:      layout_gridville, kennysheep_mini, basic_altar, lemuel_oklob_altar,
          uniq_maggie
D:7:      gammafunk_beogh_shrine, layout_basic, minmay_temple_entry_poolview,
          serial_shops, shop, nicolae_shop_trees, uniq_joseph,
          uniq_prince_ribbit1
D:8:      layout_layer_cave, serial_bayou_pond_c
D:9:      layout_long_grid
D:10:     layout_basic, dpeg_oklobed_lair, uniq_nergalle
D:11:     layout_roguey, onia_ninara_cookie
D:12:     layout_roguey, orc_david_3, introduction_to_nature_2
D:13:     layout_layer_cave, gammafunk_ghost_ooze, uniq_maurice
Lair:1:   layout_roguey, chequers_serial_rivers_small_b
Lair:2:   layout_hall_layers, palyth_hydra_swamp_entry, dummy_snake_entry,
          gammafunk_ghost_hydra_chop, serial_bayou_pond_e
Lair:3:   layout_regular_city, chequers_serial_rivers_small_3
Lair:4:   layout_cave_pods, basic_altar
Lair:5:   layout_regular_city, slime_dummy, uniq_sonja
Orc:1:    layout_caves, uniq_erolcha

Skill      XL: |  1  2  3  4  5  6  7  8  9 10 11 12 13 |
---------------+----------------------------------------+-----
Dodging        | 3 4 5 6 7 8 9 |  9.2
Stealth        | 5 6 7 9 10 12 13 14 | 14.6
Spellcasting   | 3 4 5 6 7 8 |  8.5
Hexes          | 4 5 6 7 8 9 10 12 14 | 14.2
Short Blades   | 2 3 4 5 6 8 9 10 | 10.4
Fighting       | 1 2 3 4 5 |  5.5
Ice Magic      | 1 2 3 4 5 |  5.5
Invocations    | 2 3 4 5 |  5.9
Shields        | 3 4 |  4.4

Action                   |  1- 3 |  4- 6 |  7- 9 | 10-12 | 13-15 || total
-------------------------+-------+-------+-------+-------+-------++-------
Melee: Dagger            |    67 |   137 |   211 |   412 |   115 ||   942
 Cast: Corona            |     7 |     6 |       |       |       ||    13
       Ensorcelled Hiber |    26 |    23 |    95 |   190 |    48 ||   382
       Confusing Touch   |       |     4 |    11 |    32 |     1 ||    48
       Tukima's Dance    |       |       |     4 |    12 |       ||    16
       Invisibility      |       |       |       |       |     4 ||     4
Invok: Shadow Step       |       |       |       |     2 |     3 ||     5
Evoke: Wand              |       |       |       |     3 |       ||     3
  Use: Scroll            |       |     5 |     8 |     7 |       ||    20
       Potion            |       |       |       |       |     2 ||     2
 Stab: Sleeping          |    14 |    26 |    76 |   179 |    47 ||   342
       Confused          |       |     4 |    10 |    30 |     1 ||    45
       Distracted        |       |       |     1 |     1 |       ||     2
       Invisible         |       |       |       |       |    13 ||    13
Armor: Robe              |     7 |     7 |     2 |     1 |     1 ||    18
       Steam dragon scal |       |       |     6 |    32 |       ||    38
Dodge: Dodged            |    55 |    82 |   161 |   333 |    63 ||   694
Block: Other             |       |       |       |    52 |       ||    52
       Reflection        |       |       |       |     7 |       ||     7
       Buckler           |       |       |       |    23 |    52 ||    75

Table legend: (Time is in decaauts)
 A = Elapsed time spent in this place.
 B = Non-inter-level travel time spent in this place.
 C = Inter-level travel time spent in this place.
 D = Time resting spent in this place.
 E = Time spent auto-exploring this place.
 F = Levels seen in this place.
 G = Mean time per level.
                   A        B        C        D        E       F      G
               +--------+--------+--------+--------+--------+-----+--------+
         Total |  18160 |  17153 |   1007 |   3772 |  10302 |  20 |  908.0 |
       Dungeon |  13880 |  12939 |    941 |   2407 |   8081 |  13 | 1067.7 |
          Lair |   3369 |   3303 |     66 |    584 |   2218 |   5 |  673.8 |
  Orcish Mines |      1 |      1 |      0 |      0 |      0 |   1 |    1.0 |
       Ossuary |    909 |    909 |      0 |    781 |      3 |   1 |  909.0 |
               +--------+--------+--------+--------+--------+-----+--------+

Top non-repeatable levels by time:
     D:1: 1746 daAuts
     D:4: 1366 daAuts
    D:10: 1352 daAuts
     D:5: 1325 daAuts
    D:12: 1246 daAuts
    D:13: 1204 daAuts
     D:7: 1100 daAuts
  Lair:1: 1059 daAuts
    D:11: 1011 daAuts
     D:6: 964 daAuts
 Ossuary: 909 daAuts
     D:2: 898 daAuts
     D:8: 895 daAuts
  Lair:2: 847 daAuts
  Lair:4: 726 daAuts
